[Event "BPB Limburg Open 2019 Group A"]
[Site "Maastricht, Netherlands"]
[Date "2019.06.09"]
[Round "5.5"]
[White "Klein, Felix"]
[Black "Sadzikowski, Daniel"]
[Result "0-1"]
[TimeControl "2h + 15 sec/move"]
[WhiteFideId "24600458"]
[BlackFideId "1132253"]
[WhiteElo "2328"]
[BlackElo "2510"]

1. e4 e5 2. Nf3 Nc6 3. Bb5 a6 4. Ba4 Nf6 5. O-O Be7 6. Re1 b5 7. Bb3 d6 8. c3 O-O 9. d4 Bg4 10.
Be3 Bh5 11. Nbd2 exd4 12. cxd4 Na5 13. Bc2 c5 14. d5 Ng4 15. Bf4 Ne5 16. b3 Bf6 17. Rc1 c4 18. Nf1 Bxf3 19. gxf3 Ng6 20.
Be3 Bc3 21. Ng3 Bxe1 22. Qxe1 Nh4 23. Qe2 cxb3 24. axb3 Rc8 25. f4 Rc3 26. Bd4 Nf3+ 27. Be3 Nh4 0-1

[Event "BPB Limburg Open 2019 Group A"]
[Site "Maastricht, Netherlands"]
[Date "2019.06.09"]
[Round "5.6"]
[White "Beerdsen, Thomas"]
[Black "Sarvadh, Sathiaram"]
[Result "1-0"]
[TimeControl "2h + 15 sec/move"]
[WhiteFideId "1030108"]
[BlackFideId "46636579"]
[WhiteElo "2488"]
[BlackElo "2103"]

1. e4 e6 2. d4 d5 3. Nc3 Bb4 4. e5 c5 5. a3 Bxc3+ 6. bxc3 Ne7 7. Qg4 Qc7 8. Qxg7 Rg8 9. Qxh7 cxd4 10.
Qd3 dxc3 11. Ne2 Nbc6 12. Qxc3 Qxe5 13. Qxe5 Nxe5 14. Ng3 f6 15. Nh5 Kf7 16. Bb2 N7g6 17. f4 Ng4 18. Be2 e5 19.
fxe5 N6xe5 20. O-O Rg5 21. Bxe5 Nxe5 22. Nxf6 Kg7 23. Nxd5 Bg4 24. Bxg4 Nxg4 25. Nc7 Ne3 26. Nxa8 Nxf1 27.
Nc7 1-0

[Event "BPB Limburg Open 2019 Group A"]
[Site "Maastricht, Netherlands"]
[Date "2019.06.09"]
[Round "5.7"]
[White "Haast, Mark"]
[Black "Schoppen, Casper"]
[Result "1/2-1/2"]
[TimeControl "2h + 15 sec/move"]
[WhiteFideId "1021133"]
[BlackFideId "1046730"]
[WhiteElo "2392"]
[BlackElo "2464"]

1. c4 e5 2. g3 Nf6 3. Bg2 d5 4. cxd5 Nxd5 5. Nf3 Nc6 6. O-O Be7 7. d4 e4 8. Ne5 f5 9. Nxc6 bxc6 10.
Qc2 O-O 11. Qxc6 Rb8 12. Nc3 Nb4 13. Qa4 Bd7 14. Qd1 Be6 15. f3 c5 16. d5 Nxd5 17. Nxd5 Qxd5 18. Qxd5 Bxd5 19. fxe4 Bxe4 20.
Bxe4 fxe4 21. Rxf8+ Kxf8 22. b3 c4 23. Bf4 Rb4 24. bxc4 Rxc4 25. Rc1 1/2-1/2

[Event "BPB Limburg Open 2019 Group A"]
[Site "Maastricht, Netherlands"]
[Date "2019.06.09"]
[Round "5.8"]
[White "Anagnostopoulos, Konstantinos"]
[Black "Monroy, Charles"]
[Result "0-1"]
[TimeControl "2h + 15 sec/move"]
[WhiteFideId "4251067"]
[BlackFideId "621641"]
[WhiteElo "2325"]
[BlackElo "2432"]

1. c4 Nf6 2. Nc3 e5 3. Nf3 Nc6 4. e4 Bb4 5. d3 d6 6. a3 Bc5 7. b4 Bb6 8. Be3 O-O 9. Be2 Bg4 10.
O-O Bxf3 11. Bxf3 Nd4 12. g3 a5 13. b5 c6 14. Na4 cxb5 15. cxb5 Bc5 16. Bg2 b6 17. Nc3 Ne6 18. Bh3 Qe7 19.
a4 Bd4 20. Rc1 Bxc3 21. Bxe6 Bb2 22. Bh3 Bxc1 23. Qxc1 Rab8 24. Qc6 Qd8 25. f4 Re8 26. Rc1 h5 27. Qc7 Qxc7 28. Rxc7 exf4 29.
Bxf4 d5 30. Bd7 Nxd7 31. Rxd7 Rbd8 32. Rxd8 Rxd8 33. Bc7 Rc8 34. Bxb6 dxe4 35. Bxa5 exd3 36. Kf2 Rc4 0-1

[Event "BPB Limburg Open 2019 Group A"]
[Site "Maastricht, Netherlands"]
[Date "2019.06.09"]
[Round "5.9"]
[White "Dambacher, Martijn"]
[Black "Ernst, Sipke"]
[Result "1/2-1/2"]
[TimeControl "2h + 15 sec/move"]
[WhiteFideId "1005030"]
[BlackFideId "1004689"]
[WhiteElo "2511"]
[BlackElo "2541"]

1. d4 d6 2. e4 g6 3. c4 Bg7 4. Nc3 Nf6 5. f3 O-O 6. Nge2 e5 7. d5 a5 8. Bg5 h6 9. Be3 Na6 10.
Qd2 h5 11. g3 Nd7 12. Bg2 Ndc5 13. O-O Bd7 14. Nc1 f5 15. exf5 gxf5 16. Nd3 Nxd3 17. Qxd3 h4 18. g4 Qe7 19. Qe2 Kh7 20. gxf5 Bxf5 21. Ne4 Bh6 22. Bxh6 Kxh6 23. Qe3+ Kg7 24.
Kh1 Kh8 25. f4 h3 26. Bxh3 Bxe4+ 27. Qxe4 Qh4 28. Be6 Nc5 29. Qg2 Nd3 30. fxe5 dxe5 31. Qg3 Qe4+ 32. Qg2 Qh4 33. Qh3 Qxh3 34.
Bxh3 e4 35. Bf5 Rf6 36. h4 Raf8 37. Bh3 e3 38. Rxf6 Rxf6 39. Bf1 Rxf1+ 40. Rxf1 e2 41. Rg1 e1=Q 42. Rxe1 Nxe1 43. c5 Kg7 44. d6 cxd6 45. cxd6 Kf6 46. h5 Nf3 47. Kg2 Ne5 48.
h6 Nf7 49. d7 Kg6 50. Kf3 Ne5+ 51. Ke4 Nxd7 52. Kd5 Nb6+ 53. Kc5 Nc8 54. Kb5 Kxh6 55. Kxa5 Kg6 56. Kb5 Kf6 57. a4 Ke6 58. a5 Kd7 59. a6 bxa6+ 1/2-1/2

[Event "BPB Limburg Open 2019 Group A"]
[Site "Maastricht, Netherlands"]
[Date "2019.06.09"]
[Round "5.10"]
[White "Warmerdam, Max"]
[Black "Van Foreest, Machteld"]
[Result "1-0"]
[TimeControl "2h + 15 sec/move"]
[WhiteFideId "1048104"]
[BlackFideId "1051563"]
[WhiteElo "2475"]
[BlackElo "2094"]

1. e4 e5 2. Nf3 Nc6 3. Bb5 a6 4. Ba4 Nf6 5. d3 d6 6. c3 Be7 7. O-O O-O 8. Re1 Bg4 9. h3 Bh5 10.
Nbd2 Nd7 11. Nf1 Nc5 12. Bxc6 bxc6 13. Ng3 Bxf3 14. Qxf3 Ne6 15. Be3 c5 16. Rad1 Bg5 17. Ne2 Qf6 18.
Qxf6 Bxf6 19. f4 exf4 20. Nxf4 Nxf4 21. Bxf4 Rab8 22. Rd2 Rfe8 23. Kf2 h5 24. Kf3 Re6 25. Rc1 Be5 26. g3 Bxf4 27.
gxf4 Rbe8 28. Re1 Kf8 29. Rg2 g6 30. Rge2 c6 31. d4 R6e7 32. dxc5 dxc5 33. Rd1 Rb8 34. Rd6 Reb7 35. b3 c4 36.
b4 a5 37. bxa5 Rb2 38. Rxc6 Rxe2 39. Kxe2 Rb2+ 40. Ke3 Rxa2 41. a6 Ke7 42. Kd4 Ra4 43. Kc5 Kd7 44. Rf6 1-0

[Event "BPB Limburg Open 2019 Group A"]
[Site "Maastricht, Netherlands"]
[Date "2019.06.09"]
[Round "5.11"]
[White "Schiffer, Stefan"]
[Black "Vandenbussche, Thibaut"]
[Result "1-0"]
[TimeControl "2h + 15 sec/move"]
[WhiteFideId "12984523"]
[BlackFideId "204412"]
[WhiteElo "2239"]
[BlackElo "2442"]

1. e4 g6 2. Nf3 Bg7 3. d3 c5 4. g3 Nc6 5. Bg2 e6 6. O-O Nge7 7. c3 O-O 8. Be3 b6 9. d4 Ba6 10.
Re1 cxd4 11. Nxd4 Ne5 12. Na3 d5 13. Bg5 h6 14. Bxe7 Qxe7 15. Qa4 Bb7 16. exd5 Bxd5 17. Bxd5 exd5 18.
f4 Qd7 19. Qxd7 Nxd7 20. Nc6 Nc5 21. Nb5 Rae8 22. Nc7 Re4 23. Nxd5 Rfe8 24. Rxe4 Rxe4 25. Kf1 Na4 26. Re1 Re6 27.
Nxa7 Nxb2 28. Rxe6 fxe6 29. Nxb6 Bxc3 30. Nc6 Nd3 31. Nd7 g5 32. fxg5 hxg5 33. a4 Ne1 34. a5 Bxa5 35. Nxa5 Nf3 36.
Kf2 Nxh2 37. Ne5 Kg7 38. Kg2 Kf6 39. Nac4 1-0

[Event "BPB Limburg Open 2019 Group A"]
[Site "Maastricht, Netherlands"]
[Date "2019.06.09"]
[Round "5.12"]
[White "Leenhouts, Koen"]
[Black "Kett, Tim"]
[Result "1/2-1/2"]
[TimeControl "2h + 15 sec/move"]
[WhiteFideId "1008439"]
[BlackFideId "1801210"]
[WhiteElo "2432"]
[BlackElo "2197"]

1. e4 e5 2. Nf3 Nc6 3. Bb5 a6 4. Ba4 d6 5.
c3 Bd7 6. O-O Nf6 7. Re1 g6 8. d4 Bg7 9. d5 Ne7 10. c4 b5 11. Bc2 bxc4 12. Nfd2 O-O 13. Nxc4 Nh5 14. Nc3 f5 15.
f3 Nf6 16. Ba4 Bc8 17. Qd3 Kh8 18. Bd2 fxe4 19. fxe4 Neg8 20. Rf1 Bh6 21. b4 Nh5 22. Rxf8 Qxf8 23. Rf1 Qe7 24. Ne2 Bg4 25.
Ne3 Bxe2 26. Qxe2 Qh4 27. Nc4 Bxd2 28. Nxd2 Ngf6 29. Bc6 Rf8 30. Qxa6 Nf4 31. g3 Qg4 32. Kh1 N6h5 33. gxf4 Ng3+ 34.
hxg3 Qh3+ 35. Kg1 Qxg3+ 36. Kh1 Qh3+ 37. Kg1 Qg3+ 1/2-1/2

[ePGN "0.1;DGT LiveChess/2.2.4"]

[Event "BPB Limburg Open 2019 Group A"]
[Site "Maastricht, Netherlands"]
[Date "2019.06.10"]
[Round "6.1"]
[White "Gurevich, Mikhail"]
[Black "Nasuta, Grzegorz"]
[Result "1/2-1/2"]
[TimeControl "2h + 15 sec/move"]
[WhiteFideId "200930"]
[BlackFideId "1141686"]
[WhiteElo "2579"]
[BlackElo "2518"]

1. c4 g6 2. Nc3 c5 3. g3 Bg7 4. Bg2 Nc6 5. a3 e6 6. b4 Nxb4 7. axb4 cxb4 8. Nb5 Bxa1 9. Qa4 Bf6 10.
Qxb4 Be7 11. c5 f6 12. d4 a6 13. Qa3 Rb8 14. Bf4 e5 15. dxe5 axb5 16. exf6 Nxf6 17. Bxb8 b6 18. Bd6 bxc5 19. Bxc5 1/2-1/2

[Event "BPB Limburg Open 2019 Group A"]
[Site "Maastricht, Netherlands"]
[Date "2019.06.10"]
[Round "6.2"]
[White "Van Wely, Loek"]
[Black "Bok, Benjamin"]
[Result "1/2-1/2"]
[TimeControl "2h + 15 sec/move"]
[WhiteFideId "1000268"]
[BlackFideId "1017063"]
[WhiteElo "2604"]
[BlackElo "2638"]

1. d4 Nf6 2. Nf3 d5 3. c4 e6 4. g3 Bb4+ 5. Bd2 Be7 6. Bg2 O-O 7. O-O c6 8. Qc2 Nbd7 9. Rd1 b6 10.
b3 Ba6 11. Bf4 Rc8 12. Nc3 dxc4 13. e4 Bb4 14. Nd2 Qe7 15. Nxc4 Bxc4 16. bxc4 e5 17. dxe5 Nxe5 18. Ne2 Bc5 19.
Nd4 Rfd8 20. Nb3 h6 21. Nxc5 Qxc5 22. Rac1 Rxd1+ 23. Qxd1 Re8 24. h3 Qa3 25. Rc2 Qd3 26. Rd2 Qxc4 1/2-1/2

[Event "BPB Limburg Open 2019 Group A"]
[Site "Maastricht, Netherlands"]
[Date "2019.06.10"]
[Round "6.3"]
[White "Sadzikowski, Daniel"]
[Black "Beerdsen, Thomas"]
[Result "0-1"]
[TimeControl "2h + 15 sec/move"]
[WhiteFideId "1132253"]
[BlackFideId "1030108"]
[WhiteElo "2510"]
[BlackElo "2488"]

1. e4 c5 2. Nf3 e6 3. d4 cxd4 4. Nxd4 Nc6 5. Nc3 Qc7 6. g3 a6 7. Bg2 Nf6 8. O-O h5 9. Bg5 Ne5 10.
a4 Bc5 11. a5 d6 12. Na4 Ba7 13. Nb6 Bxb6 14. axb6 Qxb6 15. b3 Bd7 16. h3 Rd8 17. Be3 Qc7 18. c4 Nc6 19. Ne2 Ne7 20.
Nc3 Nc8 21. Qe2 Bc6 22. Rfc1 Kf8 23. b4 Be8 24. b5 axb5 25. cxb5 Qb8 26. f4 Nd7 27. f5 Ne5 28. Ra3 Ne7 29.
fxe6 fxe6 30. Ba7 Qc7 31. Qf2+ Kg8 32. Bb6 Qd7 33. Bxd8 Qxd8 34. Qd4 N7g6 35. h4 Qf6 36. Kh1 Kh7 37.
Rf1 Qe7 38. Ra8 Nxh4 39. Bh3 Nhg6 40. Qe3 h4 41. Rf2 Bd7 42. Rxh8+ Kxh8 43. Kh2 Qd8 44. Rf1 Kg8 45. Rd1 Qf6 46.
Rxd6 Nc4 47. e5 Ngxe5 48. Ne4 Nf3+ 0-1

[Event "BPB Limburg Open 2019 Group A"]
[Site "Maastricht, Netherlands"]
[Date "2019.06.10"]
[Round "6.4"]
[White "Monroy, Charles"]
[Black "Van Foreest, Jorden"]
[Result "0-1"]
[TimeControl "2h + 15 sec/move"]
[WhiteFideId "621641"]
[BlackFideId "1039784"]
[WhiteElo "2432"]
[BlackElo "2610"]

1. e4 c6 2. Nf3 d5 3. Nc3 Qa5 4.
Be2 dxe4 5. Nxe4 Bf5 6. Ng3 Bg6 7. a3 e6 8. Rb1 Nf6 9. b4 Qc7 10. Bb2 Nbd7 11. O-O Be7 12. Re1 O-O 13.
Nh4 Rfd8 14. Nxg6 hxg6 15. Bf3 a5 16. c4 Nh7 17. Bc3 Bf6 18. Qe2 Ng5 19. Ne4 Nxe4 20. Qxe4 axb4 21. axb4 Ra3 22.
Re3 Bxc3 23. dxc3 Nf6 24. Qc2 b6 25. Rd3 Rxd3 26. Qxd3 Nd7 27. Qd2 Ne5 28. Be2 c5 29. Rd1 Nc6 30.
g3 Ra7 31. Qd6 Nd4 32. Qxc7 Nxe2+ 33. Kf1 Rxc7 34. Rd8+ Kh7 35. Kxe2 cxb4 36. cxb4 Rxc4 37. Rd7 f6 38. Rd6 Rxb4 39.
Rxe6 g5 40. h3 Kg6 41. Re7 Rb3 42. Rc7 Rb5 43. Rb7 f5 44. Rd7 Re5+ 45. Kf3 Kf6 46. Rd6+ Re6 47. Rd7 g6 48. Rb7 Ke5 49.
h4 gxh4 50. gxh4 Kd5 51. h5 gxh5 52. Kf4 Kc6 53. Rh7 Re2 54. f3 Rh2 55. Kxf5 b5 56. Rh8 b4 57. Rb8 Kc5 58. f4 Rg2 59.
Rh8 Rh2 60. Rb8 Kc4 61. Kg6 h4 62.
f5 h3 63. f6 Rg2+ 64. Kf5 h2 65. Rh8 b3 66. Rh4+ Kc5 67. f7 Rf2 68. Rf4 Rxf4 69. Kxf4 h1=Q 70. f8=Q+ Kc4 71. Qc8+ Kd4 72.
Qd7+ Qd5 73. Qg7+ Kd3 74. Qh7+ Kc3 0-1

[Event "BPB Limburg Open 2019 Group A"]
[Site "Maastricht, Netherlands"]
[Date "2019.06.10"]
[Round "6.5"]
[White "Donchenko, Alexander"]
[Black "Schiffer, Stefan"]
[Result "1-0"]
[TimeControl "2h + 15 sec/move"]
[WhiteFideId "24603295"]
[BlackFideId "12984523"]
[WhiteElo "2618"]
[BlackElo "2239"]

1. c4 Nf6 2. g3 e6 3. Bg2 d5 4.
Nf3 c6 5. b3 Be7 6. O-O O-O 7. Bb2 b5 8. Nc3 bxc4 9. bxc4 Nbd7 10. d3 Rb8 11. Rb1 Nb6 12. Bc1 Ba6 13. Be3 dxc4 14.
Ne5 cxd3 15. Nxc6 dxe2 16. Nxe2 Qxd1 17. Rfxd1 Bxe2 18. Nxe7+ Kh8 19. Rd2 Bc4 20. Nc6 Ra8 21. Bc5 Rfe8 22.
Ne5 Bd5 23. Nxf7+ Kg8 24. Nd6 Red8 25. Bh3 Nbd7 26. Rxd5 Nxc5 27. Rxc5 Rxd6 28. Rb7 a6 29. Rcc7 g6 30. Rg7+ Kh8 31.
Rge7 Rad8 32. Bxe6 Re8 33. Rxe8+ Nxe8 34. Bc4 Rc6 35. Bd3 Nc7 36. h4 Ne6 37. Ra7 Nc5 38. Bc4 h6 39. Kg2 Rf6 40.
Rc7 Ne6 41. Re7 Nc5 42. Ra7 h5 43. Rc7 Ne6 44. Re7 Nc5 45. Ra7 Ne4 46. Rf7 Rd6 47. Re7 Nc5 48. Rc7 Ne4 49. Bb3 Rd2 50.
Rc2 Rd6 51. Ba4 Rd4 52. Rc8+ Kg7 53. Rc7+ Kh6 54. Bc2 Nd6 55. Rc6 a5 56. Rc5 a4 57. Kf3 Nc4 58. Rg5 Rd2 59. Rxg6+ Kh7 60.
Bf5 Ne5+ 61. Ke3 Nc4+ 62. Ke4 Re2+ 63. Kd3 Rxf2 64. Rg5+ Kh6 65. Kxc4 Rxa2 66. Rg6+ Kh7 67. Kb4 Rf2 68.
Rg5+ Kh6 69. Bd7 1-0

[Event "BPB Limburg Open 2019 Group A"]
[Site "Maastricht, Netherlands"]
[Date "2019.06.10"]
[Round "6.6"]
[White "Van Foreest, Lucas"]
[Black "Haast, Mark"]
[Result "1/2-1/2"]
[TimeControl "2h + 15 sec/move"]
[WhiteFideId "1039792"]
[BlackFideId "1021133"]
[WhiteElo "2522"]
[BlackElo "2392"]

1. c4 e6 2. Nc3 d5 3. d4 Be7 4. Nf3 Nf6 5. Bf4 O-O 6. e3 c5 7. dxc5 Qa5 8. Nd2 Qxc5 9. Be2 dxc4 10.
Nxc4 Rd8 1/2-1/2

[Event "BPB Limburg Open 2019 Group A"]
[Site "Maastricht, Netherlands"]
[Date "2019.06.10"]
[Round "6.7"]
[White "Barzen, Pascal"]
[Black "Dambacher, Martijn"]
[Result "1-0"]
[TimeControl "2h + 15 sec/move"]
[WhiteFideId "24653497"]
[BlackFideId "1005030"]
[WhiteElo "2292"]
[BlackElo "2511"]

1. e4 e5 2. Nf3 Nc6 3. Bb5 g6 4. O-O Bg7 5. c3 a6 6. Ba4 Nge7 7. d4 exd4 8. cxd4 b5 9. Bb3 O-O 10.
d5 Na5 11. Bc2 d6 12. Nc3 Bb7 13. Bf4 Rc8 14. Qc1 c6 15. dxc6 Bxc6 16. a3 Re8 17. Bh6 Bh8 18. Qf4 d5 19.
Ng5 f6 20. Nf3 dxe4 21. Rad1 Nd5 22. Nxd5 Bxd5 23. Ne1 Re5 24. Qg3 Qe7 25. Bf4 Rf5 26. Nf3 Bb7 27. Nd4 Rd5 28. b4 Nc4 29.
Bb3 Rcd8 30. Ne2 Rd3 31. Rxd3 Rxd3 32. Bxc4+ bxc4 33. Be3 f5 34. Qb8+ Rd8 35. Qa7 Be5 36. Rc1 Bb2 37. Rb1 Qd7 38.
h4 Be5 39. g3 Rc8 40. Kh2 c3 41. Rc1 Rc4 42. Qb6 c2 43. h5 gxh5 44. Qh6 Bb2 45. Qg5+ Qg7 46. Qd8+ Qf8 47. Qg5+ Kh8 48.
Nf4 Qf6 49. Qxh5 Rc8 50. Rxc2 Kg8 51. Rxc8+ Bxc8 52. Nd5 Qe5 53. Qg5+ Kf7 54. Qd8 Qe6 55. Bc5 Bg7 56. Nb6 e3 57.
Qc7+ Kg6 58. Bxe3 f4 59. Bxf4 Qh3+ 60. Kg1 Be6 61. Qd6 Qf5 62. Nd7 h5 63. Nc5 Kf7 64. Qxe6+ Qxe6 65. Nxe6 Kxe6 66. a4 Kd5 67. Kg2 Kc4 68. Bd6 Kd5 69. Be7 Ke6 70. Bc5 Kd5 71. a5 Bc3 72.
Kh3 Bf6 73. f4 Bd8 74. g4 hxg4+ 75. Kxg4 Bxa5 76. bxa5 Kxc5 77. Kg5 Kd5 1-0

[Event "BPB Limburg Open 2019 Group A"]
[Site "Maastricht, Netherlands"]
[Date "2019.06.10"]
[Round "6.9"]
[White "Van Meegen, Ruud"]
[Black "Schoppen, Casper"]
[Result "0-1"]
[TimeControl "2h + 15 sec/move"]
[WhiteFideId "1034995"]
[BlackFideId "1046730"]
[WhiteElo "2291"]
[BlackElo "2464"]

1. Nf3 d5 2. e3 Nf6 3. c4 c6 4. Nc3 g6 5. d4 Bg7 6. Be2 O-O 7. O-O dxc4 8. Bxc4 Nbd7 9. e4 Nb6 10.
Bb3 Bg4 11. e5 Nfd5 12. h3 Bf5 13. Qe2 Nc7 14. Rd1 a5 15. Ne4 a4 16. Bc2 a3 17. bxa3 Nb5 18. Bb2 Nxa3 19. Bb3 Nd5 20.
Nc5 Nf4 21. Qf1 b6 22. Na4 Nc2 23. Rac1 Nb4 24. Ne1 Be6 25. Nc3 Nxa2 26. Bxa2 Bxa2 27. g3 Nd5 28. Nxa2 Rxa2 29. Ba1 Qd7 30.
Qc4 Rfa8 31. Qf1 Bh6 32. Rb1 Ne3 0-1

[Event "BPB Limburg Open 2019 Group A"]
[Site "Maastricht, Netherlands"]
[Date "2019.06.10"]
[Round "6.10"]
[White "Ernst, Sipke"]
[Black "Hoornstra, Hans"]
[Result "1-0"]
[TimeControl "2h + 15 sec/move"]
[WhiteFideId "1004689"]
[BlackFideId "1036076"]
[WhiteElo "2541"]
[BlackElo "2038"]

1. Nf3 Nf6 2. c4 c5 3. b3 e6 4. g3 b6 5. Bg2 Bb7 6. O-O Be7 7. Bb2 O-O 8. Nc3 d6 9. d4 Nbd7 10.
d5 e5 11. e4 Ne8 12. Ne1 g6 13. Nd3 Ng7 14. f4 f6 15. Bh3 Kh8 16. Be6 Bc8 17. Rf2 Nb8 18. f5 g5 19. h4 h5 20.
hxg5 fxg5 21. Rh2 Rf6 22. Rxh5+ Nxh5 23. Qxh5+ Kg7 24. Qxg5+ Kh7 25. Bxc8 Qxc8 26. Kg2 1-0

[Event "BPB Limburg Open 2019 Group A"]
[Site "Maastricht, Netherlands"]
[Date "2019.06.10"]
[Round "6.12"]
[White "Pieper, Dawid"]
[Black "Song, Raymond"]
[Result "0-1"]
[TimeControl "2h + 15 sec/move"]
[WhiteFideId "4676106"]
[BlackFideId "3203824"]
[WhiteElo "2175"]
[BlackElo "2450"]

1. e4 g6 2. d4 Bg7 3. Nf3 d6 4. Bc4 e6 5. Bb3 Ne7 6. O-O O-O 7. c3 b6 8. Bf4 Bb7 9. Nbd2 Nd7 10.
Qe2 h6 11. h3 g5 12. Bg3 Ng6 13. Nh2 Nf4 14. Qf3 e5 15. Ng4 Kh8 16. Ne3 f5 17. Bxf4 fxe4 18. Bxg5 Qxg5 19. Qg4 exd4 20.
cxd4 Qxg4 21. hxg4 Bxd4 22. Rac1 Nc5 23. Nf5 Bxb2 24. Rb1 Bc3 25. Nc4 d5 26. Nce3 Nxb3 27. Rxb3 d4 28. Nxh6 Ba6 29.
Nef5 Bxf1 30. Kxf1 Kh7 31. g5 Kg6 32. g4 Kxg5 33. Kg2 Rf6 0-1

[ePGN "0.1;DGT LiveChess/2.2.4"]

[Event "BPB Limburg Open 2019 Group A"]
[Site "Maastricht, Netherlands"]
[Date "2019.06.10"]
[Round "7.3"]
[White "Schoppen, Casper"]
[Black "Donchenko, Alexander"]
[Result "1/2-1/2"]
[TimeControl "2h + 15 sec/move"]
[WhiteFideId "1046730"]
[BlackFideId "24603295"]
[WhiteElo "2464"]
[BlackElo "2618"]

1. e4 c5 2. Nf3 d6 3. d4 cxd4 4. Nxd4 Nf6 5. Nc3 a6 6. Bg5 Nbd7 7. Qe2 h6 8. Bh4 g6 9. f4 e5 10.
fxe5 dxe5 11. O-O-O Qc7 12. Nb3 b5 13. Rxd7 Nxd7 14. Nd5 Qb8 15. Na5 Bg7 16. Qd2 O-O 17. Nc6 Qb7 18. Na5 Qb8 19.
Nc6 Qb7 20. Na5 Qb8 1/2-1/2

[Event "BPB Limburg Open 2019 Group A"]
[Site "Maastricht, Netherlands"]
[Date "2019.06.10"]
[Round "7.4"]
[White "Van Foreest, Jorden"]
[Black "Warmerdam, Max"]
[Result "1/2-1/2"]
[TimeControl "2h + 15 sec/move"]
[WhiteFideId "1039784"]
[BlackFideId "1048104"]
[WhiteElo "2610"]
[BlackElo "2475"]

1. Nf3 d5 2. d4 e6 3. c4 a6 4. e3 Nf6 5. Nc3 c5 6. a3 dxc4 7. Bxc4 b5 8. Ba2 Bb7 9. O-O Nbd7 10.
Qe2 Qb8 11. Rd1 Bd6 12. dxc5 Nxc5 13. b4 Nce4 14. Nxe4 Nxe4 15. Bb2 O-O 16. Rac1 a5 17. Bb3 axb4 18. axb4 Bxb4 19. Ne5 Nf6 20.
Ng4 Be7 21. Be5 Qe8 22. h4 Kh8 23. Rc7 Be4 24. Nxf6 Bxf6 25. Bxf6 gxf6 26. f3 Bd5 27. Qb2 Bxb3 28. Qxb3 Rd8 29.
Rdc1 Rd2 30. Qc3 Qd8 31. Rc8 Rd1+ 32. Kf2 Rxc1 33. Rxd8 Rxc3 34. Rxf8+ Kg7 35. Rb8 Rc2+ 36. Kg3 Rb2 37.
e4 b4 38. Kh3 b3 39. Kg3 h5 40. Kh3 Rb1 41. Kg3 Rb2 42. Kh3 Rb1 43. Kg3 e5 44. Kf2 b2 45. Kg3 f5 46. exf5 Kf6 47.
Rb7 Rc1 1/2-1/2

[Event "BPB Limburg Open 2019 Group A"]
[Site "Maastricht, Netherlands"]
[Date "2019.06.10"]
[Round "7.5"]
[White "Van Wely, Loek"]
[Black "Barzen, Pascal"]
[Result "1-0"]
[TimeControl "2h + 15 sec/move"]
[WhiteFideId "1000268"]
[BlackFideId "24653497"]
[WhiteElo "2604"]
[BlackElo "2292"]

1. Nf3 Nf6 2. c4 e6 3. Nc3 d5 4. d4 Be7 5. Bf4 O-O 6. e3 c5 7. dxc5 Bxc5 8. a3 Nc6 9. Qc2 Qa5 10.
O-O-O a6 11. Nd2 Be7 12. Kb1 Qb6 13. g4 d4 14. Na4 Qa7 15. Nf3 Nxg4 16. h3 Nf6 17. exd4 b5 18. cxb5 axb5 19.
Bxb5 Na5 20. Rhg1 Kh8 21. Be5 g6 22. Ng5 Kg8 23. Nc5 Qb6 24. Bd3 Nb7 25. Nxh7 Nxh7 26. Bxg6 1-0

[Event "BPB Limburg Open 2019 Group A"]
[Site "Maastricht, Netherlands"]
[Date "2019.06.10"]
[Round "7.6"]
[White "Van Dijk, Harold"]
[Black "Ernst, Sipke"]
[Result "0-1"]
[TimeControl "2h + 15 sec/move"]
[WhiteFideId "1006797"]
[BlackFideId "1004689"]
[WhiteElo "2250"]
[BlackElo "2541"]

1. e4 e5 2. d4 exd4 3. c3 d5 4. exd5 Nf6 5. Bb5+ Bd7 6. Bc4 b5 7. Bb3 c5 8. cxd4 c4 9. Bc2 Bb4+ 10.
Nc3 O-O 11. Nge2 Bxc3+ 12. bxc3 Nxd5 13. O-O Re8 14. Ng3 Nc6 15. Bxh7+ Kxh7 16. Qh5+ Kg8 17. Qxd5 Ne7 18. Qg5 f6 19.
Qh5 Bc6 20. Bd2 Qd5 21. Qxd5+ Nxd5 22. a3 a5 23. Rfc1 g5 24. h3 Kf7 25. Re1 Rxe1+ 26. Bxe1 Nf4 27. f3 Re8 28. Kf1 Kg6 29.
Bf2 Nd3 30. Ne2 f5 31. Nc1 g4 32. hxg4 fxg4 33. Nxd3 cxd3 34. Re1 Rc8 35. Re6+ Kf7 36. Re5 b4 37. cxb4 axb4 38. axb4 Bb5 39.
Ke1 Rc1+ 40. Kd2 Rc2+ 41. Kd1 Ba4 42. Ra5 Rxf2+ 43. Rxa4 g3 44. Ra5 Rxg2 45. Rg5 Rg1+ 46. Kd2 g2 47.
b5 Ra1 48. Rxg2 Ra2+ 49. Kxd3 Rxg2 50. Kc4 Ke6 51. Kc5 Kd7 0-1

[Event "BPB Limburg Open 2019 Group A"]
[Site "Maastricht, Netherlands"]
[Date "2019.06.10"]
[Round "7.7"]
[White "Simenon, Jozef"]
[Black "Van Foreest, Lucas"]
[Result "0-1"]
[TimeControl "2h + 15 sec/move"]
[WhiteFideId "1012916"]
[BlackFideId "1039792"]
[WhiteElo "2207"]
[BlackElo "2522"]

1. b4 b6 2. Bb2 Bb7 3. e3 Nf6 4. b5 e6 5. Nf3 Be7 6. Be2 O-O 7. O-O d6 8. d4 c5 9. bxc6 Nxc6 10.
Nbd2 Qc7 11. c4 e5 12. d5 Na5 13. Qb1 Ba6 14. Rc1 Nb7 15. Bf1 Nc5 16. a4 Rab8 17. Ra3 Nfd7 18. Qa1 f5 19.
Nb1 g5 20. Nc3 g4 21. Ne1 Qd8 22. Nb5 Rb7 23. Nc2 Qe8 24. Nb4 Rf6 25. Nc6 Rh6 26. a5 Bxb5 27. axb6 Ba4 28. bxa7 Rxa7 29.
Nxa7 Qh5 30. h3 gxh3 31. Rxa4 hxg2 32. Bxg2 Qh2+ 33. Kf1 Rg6 34. Nc6 Bh4 35. Ra8+ Kg7 0-1

[Event "BPB Limburg Open 2019 Group A"]
[Site "Maastricht, Netherlands"]
[Date "2019.06.10"]
[Round "7.8"]
[White "Song, Raymond"]
[Black "Sadzikowski, Daniel"]
[Result "1-0"]
[TimeControl "2h + 15 sec/move"]
[WhiteFideId "3203824"]
[BlackFideId "1132253"]
[WhiteElo "2450"]
[BlackElo "2510"]

1. d4 d5 2. c4 e6 3. Nf3 Nf6 4.
g3 Bb4+ 5. Bd2 Bd6 6. Nc3 O-O 7. Bg2 dxc4 8. O-O Nc6 9. Qa4 e5 10. d5 Ne7 11. Bg5 Nd7 12. Qxc4 h6 13. Be3 a6 14.
a4 f5 15. Rac1 Qe8 16. Ne1 e4 17. f4 exf3 18. Nxf3 Ng6 19. Bd2 Nde5 20. Nxe5 Nxe5 21. Qd4 Bd7 22. Kh1 Qh5 23. Bf3 Qg6 24.
Qh4 b5 25. axb5 axb5 26. Bf4 Qe8 27. Bh5 Qd8 28. Qh3 b4 29. Nd1 Qf6 30. Ne3 b3 31. Rc3 Rab8 32. Nd1 Rb5 33. Qg2 Bc8 34.
Nf2 Bb7 35. Rd1 g6 36. Bf3 g5 37. e4 Nxf3 38. Rxf3 Qxb2 39. Bxd6 cxd6 40. Qf1 Ra5 41. Ng4 Ra2 42. Nxh6+ Kg7 43.
Qh3 Qe2 44. Rdf1 Bc8 45. Nxf5+ Rxf5 46. exf5 b2 47. g4 Qe4 48. f6+ Kf7 49. Qh5+ Qg6 50. Qxg6+ Kxg6 51. f7 1-0

[Event "BPB Limburg Open 2019 Group A"]
[Site "Maastricht, Netherlands"]
[Date "2019.06.10"]
[Round "7.9"]
[White "Suvorov, Luca"]
[Black "Monroy, Charles"]
[Result "0-1"]
[TimeControl "2h + 15 sec/move"]
[WhiteFideId "12977071"]
[BlackFideId "621641"]
[WhiteElo "2276"]
[BlackElo "2432"]

1. d4 Nf6 2. c4 e6 3. Nc3 Bb4 4. e3 O-O 5. Nge2 d5 6. a3 Be7 7. cxd5 exd5 8. Nf4 c6 9. Bd3 a5 10.
O-O Re8 11. f3 Nbd7 12. Rb1 Nf8 13. b4 axb4 14. axb4 b5 15. Bc2 Ra7 16. Kh1 Bd6 17. Nce2 Qe7 18. Bd2 Ng6 19. Nd3 Bf5 20.
Rc1 Ra3 21. Nc5 Bxc2 22. Rxc2 Rea8 23. Nc1 h5 24. N5b3 Qc7 25. Na5 Ne7 26. f4 Ng4 27. Qe2 Nf5 28. Nd3 Qe7 0-1

[Event "BPB Limburg Open 2019 Group A"]
[Site "Maastricht, Netherlands"]
[Date "2019.06.10"]
[Round "7.10"]
[White "Leenhouts, Koen"]
[Black "Engel, Johann"]
[Result "1/2-1/2"]
[TimeControl "2h + 15 sec/move"]
[WhiteFideId "1008439"]
[BlackFideId "12920509"]
[WhiteElo "2432"]
[BlackElo "2165"]

1. d4 Nf6 2. c4 g6 3. f3 Bg7 4. e4 d6 5. Nc3 O-O 6. Bg5 h6 7. Be3 e5 8. d5 Nh5 9. Qd2 f5 10.
exf5 gxf5 11. O-O-O Qf6 12. Bd3 Bd7 13. Nge2 Na6 14. Rdg1 f4 15. Bf2 Nc5 16. Bxc5 dxc5 17. Ne4 Qe7 18.
g4 fxg3 19. N4xg3 Qf7 20. Qe3 Nf4 21. Nxf4 exf4 22. Qe4 Qf6 23. Qh7+ Kf7
24. Ne4 Qxb2+ 25. Kd1 Qa1+ 26. Kd2 Qb2+ 27. Bc2 Qd4+ 28. Kc1 Qa1+ 29. Kd2 Qd4+ 1/2-1/2